 Dungeon Crawl Stone Soup version 0.26-a0-259-g1effd001a9 (webtiles) character file.

Game seed: 7303225806509232762

108 drasked the Firebug (level 4, 0/24 HPs)
             Began as a Deep Elf Fire Elementalist on July 14, 2020.
             Succumbed to a worker ant's poison
             ... on level 2 of the Dungeon.
             The game lasted 00:03:21 (1864 turns).

drasked the Firebug (Deep Elf Fire Elementalist)    Turns: 1864, Time: 00:03:21

Health: 0/24       AC:  2    Str:  5    XL:     4   Next: 58%
Magic:  4/10       EV: 13    Int: 21    God:
Gold:   90         SH:  0    Dex: 15    Spells: 8/9 levels left

rFire    + . .     SeeInvis .   d - +0 spear
rCold    + . .     Faith    .   (no shield)
rNeg     . . .     Spirit   .   a - +0 robe
rPois    +         Reflect  .   (no helmet)
rElec    +         Harm     .   (no cloak)
rCorr    +                      (no gloves)
MR       .....                  (no boots)
Stlth    ++........             (no amulet)
HPRegen  0.08/turn              (no ring)
MPRegen  0.12/turn              (no ring)

@: lethally poisoned (0 -> -18), resistant, very slightly contaminated
A: no striking features
a: no special abilities


You were on level 2 of the Dungeon.
You were not hungry.

You visited 1 branch of the dungeon, and saw 2 of its levels.

You collected 90 gold pieces.

Inventory:

Hand Weapons
 d - a +0 spear (weapon)
   (You found it on level 1 of the Dungeon)
Missiles
 i - 15 poisoned darts
 Q - 40 stones (quivered)
Armour
 a - a +0 robe (worn)
Scrolls
 b - 7 scrolls of identify {unknown}
 c - a scroll of amnesia {unknown}
 f - a scroll of immolation {unknown}
 l - a scroll of noise {unknown}
 m - a scroll of enchant weapon {unknown}
Potions
 g - a potion of curing {unknown}
 h - a potion of haste
 j - a potion of brilliance {unknown}
 k - a potion of experience {unknown}
Comestibles
 e - 9 rations


   Skills:
 - Level 2.4 Dodging
 - Level 2.4 Stealth
 - Level 3.0 Spellcasting
 + Level 3.5 Conjurations
 + Level 4.8 Fire Magic


You had 8 spell levels left.
You knew the following spells:

 Your Spells              Type           Power        Failure   Level
a - Foxfire               Conj/Fire      ###.         2%          1

Your spell library contained the following spells:

 Spells                   Type           Power        Failure   Level
 Conjure Flame            Conj/Fire      ###.....     7%          3
 Inner Flame              Hex/Fire       ##......     16%         3
 Sticky Flame             Conj/Fire      ###.....     24%         4
 Fireball                 Conj/Fire      ###.......   54%         5


Dungeon Overview and Level Annotations

Branches:
Dungeon (2/15)

Altars:


Message History

A leopard gecko comes into view.
A leopard gecko is nearby!
You conjure some foxfire!
The foxfire hits the leopard gecko. x2
You kill the leopard gecko!
You start resting.
A worm comes into view.
You conjure some foxfire!
The foxfire hits the worm. x2
You conjure some foxfire!
The foxfire hits the worm.
The foxfire hits the worm!
You kill the worm!
You have reached level 4!
You feel clever.
You start resting.
You see here a worm corpse.
k - a fuming green potion A hobgoblin comes into view.
It is wielding a +0 club.
You conjure some foxfire!
The hobgoblin shouts!
The foxfire hits the hobgoblin.
The foxfire hits the hobgoblin but does no damage.
You conjure some foxfire!
The foxfire hits the hobgoblin but does no damage.
The foxfire hits the hobgoblin.
You kill the hobgoblin!
You start resting.
You now have 90 gold pieces (gained 8).
Things that are here:
a +0 club; a hobgoblin corpse You see here a rat skeleton.
You see here a frilled lizard skeleton.
l - a scroll labeled TAJ KURENKE
Found a stone staircase leading up.
m - a scroll labeled UTONOL WAITZUTS A quokka comes into view.
A quokka is nearby!
You conjure some foxfire!
The foxfire hits the quokka!
You kill the quokka!
You start resting.
e - 9 rations (gained 2)
A goblin comes into view.
You conjure some foxfire!
The goblin shouts!
The goblin drinks a potion.
The goblin seems to speed up.
The foxfire hits the goblin!
You kill the goblin!
Unknown command.
Unknown command.
You start resting.
h - a potion of haste;
n - a fizzy green potion You see here a goblin corpse.
A hobgoblin comes into view.
A hobgoblin is nearby!
You conjure some foxfire!
The hobgoblin shouts!
The foxfire hits the hobgoblin but does no damage.
The foxfire hits the hobgoblin.
You kill the hobgoblin!
You start resting.
You see here a hobgoblin corpse.
An adder comes into view.
You conjure some foxfire!
The foxfire hits the adder.
The adder hisses angrily.
You miscast Foxfire.
You are very lightly contaminated with residual magic.
Nothing appears to happen.
You conjure some foxfire!
The foxfire hits the adder.
You kill the adder!
A worker ant comes into view.
A kobold comes into view.
Unknown command.
You conjure some foxfire!
The foxfire hits the worker ant.
The foxfire hits the worker ant but does no damage.
The foxfire hits the worker ant!
You conjure some foxfire!
The worker ant closely misses you.
The foxfire hits the kobold.
The foxfire hits the kobold.
You kill the kobold!
The worker ant barely misses you.
You conjure some foxfire!
The worker ant bites you.
You are poisoned.
The worker ant poisons you!
You feel sick.
The foxfire hits the worker ant. x2; The worker ant bites you.
You are lethally poisoned!
The worker ant poisons you!
You conjure some foxfire!
* * * LOW HITPOINT WARNING * * *
You feel sick. The worker ant bites you.
* * * LOW HITPOINT WARNING * * *
The worker ant bites you.
* * * LOW HITPOINT WARNING * * *
* * * LOW HITPOINT WARNING * * *
You feel sick.
The foxfire hits the worker ant.
You kill the worker ant!
It was a potion of resistance.
You feel protected.
You die...

...... ...... ......
...... ......#. .#####
...... .# # ..... .#
#. ... # .#
####.#####.. #.# .##
#.......##.###...# ..#
#.##.#..§§§@†....# ..#
#.##.#.v##§.####.# ..#
#.##........#
..####.####..#........
..##.........##..####.
.....#.............
######.##..######### #
#.#...# # #.#.#.#


There were no monsters in sight!

Levels and vault maps discovered:
D:1:      minmay_arrival_wavy_path, layout_loops_cross
D:2:      layout_loops_cross, old_standard_altar, hangedman_decor_peaks_small

Notes
Turn   | Place    | Note
-------+----------+-------------------------------------------
     0 | D:1      | drasked the Deep Elf Fire Elementalist began the quest for
                  | the Orb.
     0 | D:1      | Reached XP level 1. HP: 10/10 MP: 6/6
    23 | D:1      | Identified a +0 club
    29 | D:1      | Identified a +0 spear (You found it on level 1 of the
                  | Dungeon)
    31 | D:1      | Identified a +0 short sword
   132 | D:1      | Reached XP level 2. HP: 15/15 MP: 6/8
   223 | D:1      | Reached skill level 2 in Conjurations
   298 | D:1      | Identified a +0 short sword
   642 | D:1      | Identified a +0 club
   646 | D:1      | Reached skill level 4 in Fire Magic
   650 | D:1      | Reached XP level 3. HP: 19/19 MP: 4/9
   731 | D:1      | Identified a +0 club
   781 | D:1      | Identified a +0 club
   794 | D:1      | Identified a +0 whip
   959 | D:1      | Identified a +0 club
   959 | D:1      | Identified a +0 whip
  1009 | D:1      | Identified a +0 club
  1198 | D:1      | Identified a +0 short sword
  1395 | D:2      | Reached skill level 3 in Conjurations
  1417 | D:2      | Identified a cursed -2 dagger
  1480 | D:2      | Identified a +0 club
  1570 | D:2      | Reached XP level 4. HP: 24/24 MP: 7/10
  1633 | D:2      | Identified a +0 club
  1862 | D:2      | HP: 3/24 [worker ant (6)]
  1864 | D:2      | Identified a potion of resistance
  1864 | D:2      | Succumbed to a worker ant's poison

Table legend:
 A = Turns spent in this place as a percentage of turns spent in the entire game.
 B = Non-inter-level travel turns spent in this place as a percentage of non-inter-level travel turns spent in the entire game.
 C = Inter-level travel turns spent in this place as a percentage of turns spent in this place.
 D = Turns resting spent in this place as a percentage of non-inter-level travel turns spent in this place.
 E = Turns spent auto-exploring this place as a percentage of non-inter-level travel turns spent in this place.
 F = Non-inter-level travel turns spent in this place divided by the number of levels of this place that you've seen.
                   A       B       C       D       E      F
               +-------+-------+-------+-------+-------+----------------------
         Total | 100.0 | 100.0 |   2.6 |  34.8 |  49.7 | 907.5
       Dungeon | 100.0 | 100.0 |   2.6 |  34.8 |  49.7 | 907.5
               +-------+-------+-------+-------+-------+----------------------

Table legend:
 A = Kills in this place as a percentage of kills in entire the game.
 B = Kills by you in this place as a percentage of kills by you in the entire game.
 C = Kills by friends in this place as a percentage of kills by friends in the entire game.
 D = Other kills in this place as a percentage of other kills in the entire game.
 E = Experience gained in this place as a percentage of experience gained in the entire game.
 F = Experience gained in this place divided by the number of levels of this place that you have seen.
                   A       B       C       D       E      F
               +-------+-------+-------+-------+-------+----------------------
         Total | 100.0 | 100.0 |   N/A |   N/A | 100.0 |  77.5
       Dungeon | 100.0 | 100.0 |   N/A |   N/A | 100.0 |  77.5
               +-------+-------+-------+-------+-------+----------------------

Skill      XL: |  1  2  3 |
---------------+----------+-----
Conjurations   | 2 3 |  3.5
Fire Magic     | 4 |  4.8
Dodging        | |  2.4
Stealth        | |  2.4
Spellcasting   | |  3.0

Action                   |  1- 3 |  4- 6 || total
-------------------------+-------+-------++-------
 Cast: Foxfire           |    67 |    11 ||    78
  Use: Potion            |       |     1 ||     1
  Eat: Ration            |     1 |       ||     1
Armor: Robe              |     4 |       ||     4
Dodge: Dodged            |    27 |     2 ||    29

Vanquished Creatures
  A worker ant (D:2)
  2 adders (D:2)
  An ooze (D:1)
  A worm (D:2)
  4 leopard geckos
  A bat (D:1)
  A giant cockroach (D:1)
  4 goblins
  7 hobgoblins
  9 jackals (D:1)
  10 kobolds
  A quokka (D:2)
  3 frilled lizards
  8 rats
53 creatures vanquished.

Vanquished Creatures (others)
  121 foxfires
121 creatures vanquished.

Grand Total: 174 creatures vanquished
